 Dungeon Crawl Stone Soup version 0.30-a0-743-gbfdf073431 (webtiles) character file.

Game seed: 9116088857419726748

119948 sanka the Ninja (level 16, -9/85 HPs)
             Began as a Spriggan Enchanter on Feb 7, 2023.
             Was a Believer of Uskayaw.
             Killed from afar by an iron dragon (57 damage)
             ... with a spray of metal splinters
             ... on level 1 of the Depths.
             The game lasted 01:18:12 (34890 turns).

sanka the Ninja (Spriggan Enchanter)               Turns: 34890, Time: 01:18:13

Health: -9/85      AC: 15    Str:  5    XL:     16   Next: 29%
Magic:  11/11      EV: 34    Int: 27    God:    Uskayaw [**....]
Gold:   1629       SH: 13    Dex: 26    Spells: 4/27 levels left

rFire   + + .      SeeInvis +    b - +8 short sword "Cagoll" {antimagic, Str+2}
rCold   . . .      Faith    .    d - +1 buckler of the Northern Lights {rN+ rCorr MP+9 Dex+7}
rNeg    + + .      Spirit   .    M - +5 steam dragon scales
rPois   +          Reflect  +    m - +2 hat of Huoboffu {Drain rF++ rCorr Slay+2}
rElec   .          Harm     .    O - +2 ratskin cloak {*Rats rPois rN+ Str-1 Int-1 Dex+1}
rCorr   +          Rampage  .    (gloves unavailable)
Will    ++...                    (boots unavailable)
Stlth   ++++++++++               l - amulet of reflection
HPRegen 0.34/turn                K - +6 ring of intelligence
MPRegen 0.12/turn                Q - ring of wizardry

@: very quick
A: very small, no large weapons, unfitting armour, see invisible, speed 3
a: Renounce Religion, Stomp, Line Pass


You were on level 1 of the Depths.
You worshipped Uskayaw.
Uskayaw was noncommittal.
You visited 5 branches of the dungeon, and saw 24 of its levels.
You also visited: Trove, Ossuary and Ice Cave.

You collected 2374 gold pieces.
You spent 745 gold pieces at shops.


Innate Abilities, Weirdness & Mutations

You are very small and have problems with some larger weapons.
You are too small for most types of armour.
You have supernaturally acute eyesight. (SInv)
You cover ground extremely quickly. (Speed+++)


   Skills:
 - Level 10.0 Fighting
 - Level 10.0 Short Blades
 - Level 15.0 Dodging
 O Level 27 Stealth
 + Level 6.9 Shields
 - Level 6.0 Spellcasting
 + Level 13.8 Hexes


You had 4 spell levels left.
You knew the following spells:

 Your Spells              Type           Power      Damage    Failure   Level
u - Discord               Hex            35%        N/A       67%         8
x - Tukima's Dance        Hex            70%        N/A       1%          3
y - Dazzling Flash        Conj/Hex       90%        N/A       1%          3
z - Ensorcelled Hibernat  Hex/Ice        90%        N/A       1%          2
Q - Cause Fear            Hex            35%        N/A       1%          4
Z - Confusing Touch       Hex            70%        N/A       1%          3

Your spell library contained the following spells:

 Spells                   Type           Power      Damage    Failure   Level
 Inner Flame              Hex/Fire       45%        N/A       1%          3
 Portal Projectile        Hex/Tloc       90%        N/A       1%          3
 Summon Guardian Golem    Hex/Summ       45%        N/A       1%          3
 Anguish                  Hex/Necr       22%        N/A       2%          4
 Leda's Liquefaction      Hex/Erth       22%        N/A       2%          4
 Cigotuvi's Dreadful Rot  Necr/Pois/Air  16%        N/A       7%          2
 Lesser Beckoning         Tloc           16%        N/A       7%          2
 Scorch                   Fire           16%        2d5       7%          2
 Call Canine Familiar     Summ           8%         N/A       14%         3
 Gell's Gravitas          Tloc           8%         N/A       14%         3
 Hailstorm                Conj/Ice       8%         3d4       14%         3
 Ignite Poison            Fire/Tmut/Pois 8%         N/A       14%         3
 Spider Form              Tmut/Pois      8%         N/A       14%         3
 Teleport Other           Tloc           8%         N/A       14%         3
 Dispel Undead            Necr           8%         3d8       41%         4
 Flame Wave               Conj/Fire      8%         2d5       41%         4
 Ice Form                 Ice/Tmut       8%         N/A       41%         4
 Sticky Flame             Conj/Fire      8%         2d3       41%         4
 Summon Lightning Spire   Summ/Air       8%         N/A       41%         4
 Borgnjor's Vile Clutch   Necr/Erth      4%         N/A       75%         5
 Death Channel            Necr           4%         N/A       99%         6
 Dispersal                Tloc           4%         N/A       99%         6
 Simulacrum               Ice/Necr       4%         N/A       99%         6
 Statue Form              Tmut/Erth      5%         N/A       99%         6
 Summon Cactus Giant      Summ           4%         N/A       99%         6
 Orb of Destruction       Conj           4%         9d5       100%        7
 Spellforged Servitor     Conj/Summ      4%         N/A       100%        7
 Storm Form               Tmut/Air       4%         N/A       100%        7
 Ignition                 Fire           4%         3d4       100%        8
 Lehudib's Crystal Spear  Conj/Erth      4%         10d3      100%        8
 Maxwell's Capacitive Co  Air            4%         ∞         100%        8

Inventory:

Hand Weapons
 a - a +2 dagger of speed
 b - the +8 short sword "Cagoll" (weapon) {antimagic, Str+2}

   Str:       It affects your strength (+2).
 s - a +0 rapier of distortion
 t - the +5 sling of Conformity {flame, rPois rC+} rC: It protects you from cold. rPois: It protects you from poison.
Missiles
 E - 9 curare-tipped darts {=f}
 N - a throwing net {=f}
Armour
 d - the +1 buckler of the Northern Lights (worn) {rN+ rCorr MP+9 Dex+7}

   Dex:       It affects your dexterity (+7).
   rN:        It protects you from negative energy.
   MP:        It affects your magic capacity (+9).
   rCorr:     It protects you from acid and corrosion.
 m - the +2 hat of Huoboffu (worn) {Drain rF++ rCorr Slay+2}

   Slay:      It affects your accuracy & damage with ranged weapons and melee
   (+2).
   rF:        It greatly protects you from fire.
   rCorr:     It protects you from acid and corrosion.
   Drain:     It drains your maximum health when unequipped.
 M - +5 steam dragon scales (worn)
 O - the +2 ratskin cloak (worn) {*Rats rPois rN+ Str-1 Int-1 Dex+1} *Rats: When the wearer is hurt, rats may emerge from it to assist them. Str: It affects your strength (-1). Int: It affects your intelligence (-1). Dex: It affects your dexterity (+1). rPois: It protects you from poison. rN: It protects you from negative energy.
Jewellery
 l - an amulet of reflection (around neck)
 K - a +6 ring of intelligence (left hand)
 L - a ring of flight
 Q - a ring of wizardry (right hand)
 R - an amulet of regeneration
 X - a ring of protection from cold
Wands
 f - a wand of polymorph (7)
 y - a wand of roots (28)
 T - a wand of digging (9)
 U - a wand of quicksilver (4)
Scrolls
 e - 2 scrolls of identify {@r1}
 n - 2 scrolls of amnesia
 o - 5 scrolls of fear
 p - 2 scrolls of silence {!r}
 q - 7 scrolls of teleportation {@r4}
 w - 4 scrolls of enchant weapon
 A - 3 scrolls of fog
 C - 4 scrolls of magic mapping
 D - 4 scrolls of poison {!r}
 F - 4 scrolls of blinking
 J - 3 scrolls of immolation {!r}
 V - 4 scrolls of vulnerability {!r}
 W - 2 scrolls of butterflies
 Z - a scroll of brand weapon
Potions
 c - a potion of cancellation {unknown}
 r - 4 potions of attraction {!q}
 u - 18 potions of curing {@q1}
 v - 3 potions of flight
 x - 8 potions of brilliance
 z - 10 potions of heal wounds {@q2}
 B - 4 potions of invisibility
 G - 3 potions of mutation {!q}
 H - 7 potions of might
 I - 6 potions of ambrosia
 P - 4 potions of resistance
 S - a potion of magic {unknown}
 Y - a potion of berserk rage {unknown}

Dungeon Overview and Level Annotations

Branches:
Dungeon (15/15)            Temple (1/1) D:7            Lair (5/5) D:10
 Shoals (0/4) Lair:2       Spider (0/4) Lair:2        Slime (0/5) Lair:5
    Orc (2/2) D:12            Elf (0/3) Orc:2        Vaults (0/5) D:13
 Depths (1/4) D:15        Ossuary (visited)           IceCv (visited)

Altars:
Ashenzari
Cheibriados
Dithmenos
Elyvilon
Fedhas
Gozag
Hepliaklqana
Kikubaaqudgha
Makhleb
Nemelex Xobeh
Okawaru
Ru
Sif Muna
Trog
Uskayaw
Vehumet
Wu Jian
Xom
Yredelemnul
Zin
Jiyva

Shops:
D:5 ?(:   D:6 ?=![   D:10 *   D:13 (   D:15 [   Orc:2 [([*   Depths:1 *

Portals:
Hell: Depths:1

▒....................▒
▒▒▒▒▒....................▒▒▒▒
▒.....▒▒▒...▒▒▒▒▒▒▒▒▒........
▒.....▒.▒▒.▒▒.▒.▒.+.▒........
▒.....▒▒.▒▒▒.▒▒'▒'▒.▒....>...
▒▒▒▒▒..▒▒...▒▒▒.▒.▒.▒'▒......
▒...▒.rr'.'.'.▒.'.+......
▒..▒▒..D▒▒▒.▒.▒.▒'▒......
▒.▒▒.▒▒▒i▒▒'▒'▒.▒........
▒▒▒▒▒.▒.▒▒.▒▒∩▒.▒.'.▒........
▒.....▒▒▒...▒▒▒▒▒▒▒▒▒........
▒............................
▒............................
▒...................▒▒▒▒▒▒▒▒▒
▒...................▒
▒...................▒
▒...................▒▒▒▒▒▒▒▒▒


You could see an iron dragon (catching breath, ally target) and 2 friendly river
rats.


Message History

You hit the iron dragon but do no damage.
The iron dragon is heavily wounded.
Your river rat bites the iron dragon but does no damage.
You hit the iron dragon but do no damage.
The iron dragon is heavily wounded.
Your river rat bites the iron dragon but does no damage.
The iron dragon bites you! The iron dragon barely misses you.
The iron dragon barely misses you.
You hit the iron dragon but do no damage.
The iron dragon is heavily wounded.
Your river rat bites the iron dragon but does no damage.
You hit the iron dragon but do no damage.
The iron dragon is heavily wounded.
Your river rat closely misses the iron dragon.
Your river rat bites the iron dragon.
You block the iron dragon's attack.
The iron dragon claws you but does no damage.
The iron dragon tramples you!
You stumble backwards!
You puncture the iron dragon!
The iron dragon is heavily wounded.
You hit the iron dragon but do no damage.
The iron dragon is heavily wounded.
You hit the iron dragon but do no damage.
The iron dragon is heavily wounded.
The iron dragon breathes metal splinters at you.
The spray of metal splinters hits you!!!
Ouch! That really hurt!
You die...

Action                     |  1- 3 |  4- 6 |  7- 9 | 10-12 | 13-15 | 16-18 || total
---------------------------+-------+-------+-------+-------+-------+-------++-------
  Melee: Dagger            |    98 |   115 |   257 |   361 |   815 |    90 ||  1736
         Punch             |     1 |     2 |     2 |     8 |       |       ||    13
         Short sword       |       |       |    89 |    70 |   113 |    28 ||   300
   Cast: Ensorcelled Hiber |    20 |    28 |   108 |   152 |   360 |    31 ||   699
         Confusing Touch   |     1 |     2 |     8 |     1 |    36 |    11 ||    59
         Dazzling Flash    |       |       |       |     5 |    16 |       ||    21
         Anguish           |       |       |       |     2 |       |       ||     2
  Evoke: Wand              |       |       |       |       |     7 |     1 ||     8
    Use: Scroll            |       |       |    16 |    10 |     6 |       ||    32
         Potion            |       |       |       |       |     2 |       ||     2
   Stab: Sleeping          |    19 |    21 |    90 |   125 |   257 |     8 ||   520
         Distracted        |     1 |       |     3 |     2 |    11 |     1 ||    18
         Confused          |       |       |     8 |     1 |    33 |    15 ||    57
         Paralysed         |       |       |     6 |    22 |    47 |       ||    75
         Invisible         |       |       |       |     6 |    15 |       ||    21
 Armour: Robe              |    12 |    12 |    16 |       |     1 |       ||    41
         Steam dragon scal |       |       |     8 |    38 |   117 |     6 ||   169
  Dodge: Dodged            |    75 |    49 |   170 |   219 |   645 |    90 ||  1248
  Block: Other             |    14 |    24 |    50 |    35 |       |       ||   123
         Reflection        |       |     1 |     1 |     2 |     8 |       ||    12
         Buckler           |       |       |       |    35 |   436 |    62 ||   533

Levels and vault maps discovered:
D:1:      eino_arrival_druids_welcome, layout_basic
D:2:      minmay_evil_eye, layout_loops_ring, uniq_sigmund
D:3:      layout_basic, mainiacjoe_overflow_alcove_1,
          gammafunk_ghost_nasty_kobolds, grunt_decor_cap
D:4:      cheibrodos_fertilizer, layout_loops_ring, mainiacjoe_overflow_paths
D:5:      layout_loops_corners, serial_shops, kennysheep_mini_moat,
          nicolae_shop_statue_plus, shop, nicolae_goblin_pals, uniq_eustachio
D:6:      wander_guarded_unrand_ratskin, layout_loops_cross,
          mainiacjoe_overflow_six_doors_small, enter_ossuary_3, serial_shops,
          nicolae_shop_trees, nicolae_square_shop, nicolae_shop_trees,
          kennysheep_mini
D:7:      layout_loops_ring, lemuel_tele_altar, minmay_temple_entry_glass,
          uniq_menkaure, uniq_crazy_yiuf_cottage, uniq_maggie
D:8:      layout_loops_corners, mainiacjoe_overflow_small_starburst,
          nicolae_hepliaklqana_hippocampus, reono_crystal_passage, wad_hexagon
D:9:      layout_stronghold, nicolae_overflow_hidden_temple, uniq_erica,
          uniq_erolcha
D:10:     layout_loops_ring, lightli_temple_of_fire, dpeg_lair_monsters,
          nicolae_shop_fire_sale [nicolae_sub_dead_trees], serial_bayou_lagoon_b
D:11:     layout_rooms, chequers_serial_rivers_room_b, fountainhead
D:12:     layout_loops_ring, minmay_orc_entry_temple_small, uniq_nessos,
          uniq_josephine
D:13:     layout_cave_pools, grunt_vaults_entry_tiered,
          portal_ice_cave_entry_pillars_1, serial_shops, nicolae_stop_n_shop_1
D:14:     layout_roguey, enter_trove_2, kennysheep_cross_bottleneck
D:15:     hangedman_depths_entry_try_elsewhere_first, layout_loops_ring,
          serial_shops, nicolae_shop_stone, old_standard_altar, uniq_azrael,
          uniq_rupert, uniq_roxanne
Temple:   cyrus_circular_temple
Lair:1:   layout_long_grid, gammafunk_ghost_hive, worms_lemuel,
          serial_bayou_shore_a
Lair:2:   layout_loops_ring, minmay_shoals_entry_beasts,
          nicolae_spider_entry_tight_spaces, grunt_megastairs_3
Lair:3:   gammafunk_boulding_lane, layout_chaotic_city, serial_bayou_crossing
Lair:4:   layout_roguey
Lair:5:   minmay_lair_end_frog_pond, layout_loops_ring, dpeg_slime_entry_corner,
          nicolae_lair_time_for_slime
Orc:1:    layout_caves, basic_altar, mines1_david
Orc:2:    grunt_orc_community_town_hall, layout_caves,
          grunt_orc_community_big_house_2, grunt_orc_community_big_house_2,
          grunt_orc_community_house_2, grunt_orc_community_house_1,
          grunt_orc_community_house_1, grunt_orc_community_house_1
Depths:1: layout_long_grid, serial_shops, shop, elyvilon_altar_5,
          grunt_hell_entry_dis_grunt, grunt_gozag_statues

Notes
Turn   | Place    | Note
-------+----------+-------------------------------------------
     0 | D:1      | sanka the Spriggan Enchanter began the quest for the Orb.
     0 | D:1      | Reached XP level 1. HP: 9/9 MP: 5/5
   401 | D:1      | Reached XP level 2. HP: 13/13 MP: 6/6
   441 | D:1      | Reached skill level 5 in Stealth
   444 | D:1      | Learned a level 2 spell: Ensorcelled Hibernation
   852 | D:2      | Reached skill level 2 in Short Blades
  1063 | D:2      | Reached XP level 3. HP: 16/16 MP: 2/8
  1331 | D:2      | Reached skill level 6 in Stealth
  1648 | D:2      | Reached skill level 3 in Short Blades
  1667 | D:2      | Noticed Sigmund
  1726 | D:2      | Learned a level 3 spell: Confusing Touch
  1870 | D:2      | Killed Sigmund
  1871 | D:2      | Reached skill level 4 in Short Blades
  1871 | D:2      | Reached skill level 7 in Stealth
  1871 | D:2      | Reached XP level 4. HP: 21/21 MP: 1/9
  1871 | D:2      | Reached XP level 5. HP: 24/24 MP: 1/10
  2352 | D:3      | Found an iron altar of Okawaru.
  2383 | D:3      | Identified the +5 chain mail of Resonance {rElec rF++ rCorr
                  | Slay-6}
  2477 | D:3      | Reached skill level 8 in Stealth
  2612 | D:3      | Reached XP level 6. HP: 28/28 MP: 11/11
  3138 | D:3      | Found a runed translucent gate.
  3138 | D:3      | Found a runed translucent gate.
  3138 | D:3      | Found a runed translucent gate.
  3142 | D:3      | Noticed Stoves66's ghost (amateur DsFi)
  3349 | D:3      | Reached skill level 5 in Short Blades
  3349 | D:3      | Reached skill level 3 in Spellcasting
  3349 | D:3      | Reached skill level 4 in Hexes
  3533 | D:3      | Reached skill level 5 in Hexes
  4079 | D:3      | Reached skill level 6 in Hexes
  4079 | D:3      | Reached XP level 7. HP: 29/32 MP: 9/12
  4377 | D:4      | Reached skill level 7 in Hexes
  4389 | D:4      | Learned a level 3 spell: Tukima's Dance
  4394 | D:4      | Learned a level 4 spell: Cause Fear
  4426 | D:4      | Found a shimmering blue altar of Sif Muna.
  5005 | D:5      | Entered Level 5 of the Dungeon
  5027 | D:5      | Found Hafust's Magic Scroll Shop.
  5040 | D:5      | Bought a scroll of identify for 24 gold pieces
  5040 | D:5      | Bought a scroll of teleportation for 36 gold pieces
  5043 | D:5      | Bought a scroll of identify for 24 gold pieces
  5043 | D:5      | Bought a scroll of identify for 24 gold pieces
  5043 | D:5      | Bought a scroll of identify for 24 gold pieces
  5043 | D:5      | Bought a scroll of poison for 48 gold pieces
  5078 | D:5      | Reached skill level 8 in Hexes
  5078 | D:5      | Reached skill level 3 in Dodging
  5156 | D:5      | Noticed Eustachio
  5170 | D:5      | Killed Eustachio
  5171 | D:5      | Reached skill level 1 in Fighting
  5171 | D:5      | Reached skill level 4 in Dodging
  5171 | D:5      | Reached XP level 8. HP: 38/38 MP: 10/13
  5320 | D:5      | Reached skill level 2 in Fighting
  5509 | D:5      | Bought a scroll of enchant armour for 90 gold pieces
  5547 | D:5      | Found Gat Kuze's Book Shoppe.
  5586 | D:5      | Noticed Ijyb
  5587 | D:5      | Noticed Robin
  5618 | D:5      | Killed Robin
  5647 | D:5      | Killed Ijyb
  5648 | D:5      | Reached skill level 5 in Dodging
  5767 | D:5      | Found Jibaif's Antique Weapon Shop.
  6062 | D:5      | Reached skill level 3 in Fighting
  6202 | D:6      | Found a sand-covered staircase.
  6206 | Ossuary  | Entered an ossuary
  6284 | Ossuary  | Reached skill level 6 in Dodging
  6439 | Ossuary  | Reached skill level 7 in Dodging
  6544 | D:6      | Found Xullofic's Magic Scroll Boutique.
  6688 | D:6      | Found a sacrificial altar of Ru.
  6867 | D:6      | Reached skill level 8 in Dodging
  6998 | D:7      | Noticed Menkaure
  7005 | D:7      | Killed Menkaure
  7141 | D:7      | Found a sparkling altar of Nemelex Xobeh.
  7145 | D:7      | Reached skill level 9 in Stealth
  7145 | D:7      | Reached XP level 9. HP: 44/44 MP: 11/14
  7297 | D:7      | Identified +0 steam dragon scales
  7297 | D:7      | Noticed Maggie
  7300 | D:7      | Found a staircase to the Ecumenical Temple.
  7304 | D:7      | Killed Maggie
  7305 | D:7      | Reached skill level 6 in Short Blades
  7402 | D:7      | Reached skill level 10 in Stealth
  7497 | Temple   | Entered the Ecumenical Temple
  7553 | Temple   | Became a worshipper of Uskayaw the Reveller
  7698 | D:7      | Reached * piety under Uskayaw
  7773 | D:7      | Found a runed translucent door.
  7774 | D:7      | Noticed Crazy Yiuf
  7865 | D:7      | Reached skill level 7 in Short Blades
  7878 | D:7      | Reached ** piety under Uskayaw
  8384 | D:7      | Killed Crazy Yiuf
  8552 | D:6      | Reached skill level 11 in Stealth
  8576 | D:6      | Found Dongeje's Jewellery Shop.
  8787 | D:6      | Found Laciusa's Armour Emporium.
  8794 | D:6      | Found Kedghuini's Distillery.
  8841 | D:6      | Bought a potion of flight for 30 gold pieces
  8841 | D:6      | Bought a potion of invisibility for 80 gold pieces
  8841 | D:6      | Bought a potion of heal wounds for 50 gold pieces
  8899 | D:6      | Reached *** piety under Uskayaw
  8903 | D:6      | Reached **** piety under Uskayaw
  8999 | D:6      | Identified the +5 sling of Conformity {flame, rPois rC+}
  9082 | D:6      | Found the +2 ratskin cloak {*Rats rPois rN+ Str-1 Int-1
                  | Dex+1}
  9096 | D:6      | Reached skill level 8 in Short Blades
  9383 | D:8      | Reached skill level 12 in Stealth
  9757 | D:8      | Identified a +2 robe of the Archmagi
 10192 | D:8      | Found a shimmering altar of Xom.
 10200 | D:8      | Reached skill level 13 in Stealth
 10451 | D:8      | Found a runed translucent door.
 10452 | D:8      | Noticed a centaur warrior
 10461 | D:8      | Noticed an orc knight
 10461 | D:8      | Noticed a manticore
 10761 | D:8      | Found a hazy altar of Hepliaklqana.
 10974 | D:9      | Noticed Erica
 11052 | D:9      | Killed Erica
 11053 | D:9      | Reached skill level 14 in Stealth
 11053 | D:9      | Reached XP level 10. HP: 37/49 MP: 11/15
 11128 | D:9      | Noticed Erolcha
 11132 | D:9      | Killed Erolcha
 11133 | D:9      | Reached skill level 15 in Stealth
 11189 | D:9      | Reached skill level 4 in Spellcasting
 11198 | D:9      | Reached skill level 5 in Spellcasting
 11198 | D:9      | Reached skill level 9 in Hexes
 11199 | D:9      | Reached ***** piety under Uskayaw
 11541 | D:9      | Reached skill level 6 in Spellcasting
 11721 | D:9      | Reached skill level 10 in Hexes
 12298 | D:10     | Entered Level 10 of the Dungeon
 12440 | D:10     | Identified 3 potions of resistance
 12449 | D:10     | Reached skill level 11 in Hexes
 12484 | D:10     | Noticed a two-headed ogre
 12588 | D:9      | Killed a two-headed ogre
 12589 | D:9      | Reached XP level 11. HP: 42/52 MP: 16/21
 12642 | D:10     | Found a staircase to the Lair.
 12643 | D:10     | Noticed a death yak
 12658 | D:10     | Noticed a death yak
 12668 | D:10     | Noticed a death yak
 12695 | D:9      | Learned a level 3 spell: Dazzling Flash
 12707 | D:10     | Killed a death yak
 12708 | D:10     | Reached skill level 12 in Hexes
 12710 | D:10     | Killed a death yak
 12726 | D:10     | Killed a death yak
 12727 | D:10     | Reached skill level 4 in Fighting
 12727 | D:10     | Reached skill level 9 in Dodging
 12739 | D:10     | Reached ****** piety under Uskayaw
 12881 | D:10     | Noticed a two-headed ogre
 12888 | D:10     | Killed a two-headed ogre
 13004 | D:10     | Found a burning altar of Makhleb.
 13429 | D:10     | Found Foug Call's Fire Supplies.
 13438 | D:10     | Reached skill level 10 in Dodging
 13666 | D:11     | Reached skill level 5 in Fighting
 13992 | D:11     | Reached skill level 11 in Dodging
 14003 | D:11     | Reached skill level 6 in Fighting
 14329 | Lair:1   | Entered Level 1 of the Lair of Beasts
 14356 | Lair:1   | Reached skill level 12 in Dodging
 14360 | Lair:1   | Reached XP level 12. HP: 61/61 MP: 13/22
 14574 | Lair:1   | Reached skill level 13 in Dodging
 14807 | Lair:1   | Learned a level 4 spell: Anguish
 14884 | Lair:2   | Reached skill level 1 in Shields
 15095 | Lair:1   | Reached skill level 2 in Shields
 15146 | Lair:1   | Noticed Buces's ghost (novice DsTm)
 15153 | Lair:1   | Found a transporter.
 15157 | Lair:1   | Found a transporter.
 15614 | Lair:2   | Reached skill level 14 in Dodging
 15625 | Lair:2   | Reached skill level 3 in Shields
 15740 | Lair:2   | Found a hole to the Spider Nest.
 15838 | Lair:2   | Found a staircase to the Shoals.
 16027 | Lair:2   | Reached skill level 4 in Shields
 16430 | Lair:3   | Found a transporter.
 16469 | Lair:3   | Found a transporter.
 16470 | Lair:3   | Noticed a boulder beetle
 16470 | Lair:3   | Noticed a boulder beetle
 16474 | Lair:3   | Identified a scroll of acquirement
 16475 | Lair:3   | Acquired the +2 hat of Huoboffu {Drain rF++ rCorr Slay+2}
 16516 | Lair:3   | Reached skill level 15 in Dodging
 16585 | Lair:3   | Reached skill level 5 in Shields
 16994 | Lair:3   | Reached XP level 13. HP: 65/65 MP: 20/23
 17516 | Lair:4   | Reached skill level 9 in Short Blades
 17605 | Lair:4   | Reached skill level 7 in Fighting
 17644 | Lair:4   | Identified the +1 leather armour of a Labyrinth {rC+ Str+8}
 18152 | Lair:5   | Entered Level 5 of the Lair of Beasts
 18202 | Lair:5   | Reached skill level 10 in Short Blades
 18211 | Lair:5   | Reached skill level 8 in Fighting
 18862 | Lair:5   | Noticed a quicksilver ooze
 19139 | Lair:5   | Reached skill level 9 in Fighting
 19589 | Lair:5   | Reached skill level 10 in Fighting
 19773 | Lair:5   | Reached skill level 16 in Stealth
 19952 | Lair:5   | Reached XP level 14. HP: 77/77 MP: 1/24
 20099 | Lair:5   | Reached skill level 17 in Stealth
 20702 | Lair:5   | Identified the +1 ring mail "Deita" {Harm}
 20961 | Lair:5   | Reached skill level 18 in Stealth
 20988 | Lair:5   | Found a staircase to the Slime Pits.
 20989 | Lair:5   | Found a viscous altar of Jiyva.
 21345 | Lair:4   | Killed a quicksilver ooze
 21729 | D:3      | Killed Stoves66's ghost
 21796 | D:3      | Found an iron altar of Okawaru.
 22689 | Lair:1   | Killed Buces's ghost
 22690 | Lair:1   | Reached skill level 19 in Stealth
 23094 | D:12     | Noticed Nessos
 23101 | D:12     | Killed Nessos
 23102 | D:12     | Reached skill level 20 in Stealth
 23116 | D:12     | Noticed Josephine
 23144 | D:12     | Killed Josephine
 23573 | D:12     | Found a staircase to the Orcish Mines.
 23905 | Orc:1    | Entered Level 1 of the Orcish Mines
 24119 | Orc:1    | Found a bloodstained altar of Trog.
 24166 | Orc:1    | Reached skill level 21 in Stealth
 24635 | Orc:2    | Entered Level 2 of the Orcish Mines
 24635 | Orc:2    | Noticed an orc warlord
 24826 | Orc:1    | Killed an orc warlord
 25337 | Orc:2    | Noticed an orc warlord
 25342 | Orc:2    | Found Ycher's Antique Weapon Shoppe.
 25622 | Orc:2    | Found a staircase to the Elven Halls.
 25673 | Orc:2    | Found Uxzully's Armour Shop.
 25684 | Orc:2    | Reached skill level 22 in Stealth
 25855 | Orc:2    | Found Peill's Antique Armour Emporium.
 26029 | Orc:2    | Found Bonil's General Store.
 26241 | Orc:2    | Bought a translucent short sword for 240 gold pieces
 26241 | Orc:2    | Identified the +8 short sword "Cagoll" {antimagic, Str+2}
                  | (You bought it in a shop on level 2 of the Orcish Mines)
 26598 | D:6      | Bought a scroll of blinking for 75 gold pieces
 26840 | D:13     | Found a frozen archway.
 26884 | IceCv    | Entered an ice cave
 26889 | IceCv    | Found a transporter.
 26908 | IceCv    | Found a transporter.
 27282 | IceCv    | Identified the +1 acid dragon scales of the Zebra {-Tele
                  | Rampage rN+ rCorr}
 27327 | IceCv    | Identified a scarf of resistance
 27373 | D:13     | Found Situ's Weapon Emporium.
 27546 | D:13     | Reached skill level 23 in Stealth
 27561 | D:13     | Learned a level 8 spell: Discord
 27585 | D:13     | Reached XP level 15. HP: 80/80 MP: 15/25
 27739 | D:13     | Found a gate to the Vaults.
 28087 | D:14     | Reached skill level 24 in Stealth
 28598 | D:14     | Found a portal to a secret trove of treasure.
 28676 | D:14     | You paid a toll of 6 potions of haste to enter a treasure
                  | trove
 28677 | Trove    | Entered a treasure trove
 28681 | Trove    | Identified a +1 robe of the Archmagi
 28685 | Trove    | Identified the +0 robe "Igril" {rPois MP-9 Int+3}
 28686 | Trove    | Identified the +1 buckler of the Northern Lights {rN+ rCorr
                  | MP+9 Dex+7}
 28692 | Trove    | Identified a +0 robe of resistance
 28694 | Trove    | Identified the +1 robe of the Vacuum {rN+ Str-5 Dex+5}
 28696 | Trove    | Identified the -1 buckler of Broken Taboos {rCorr Dex-3
                  | Stlth+}
 28698 | Trove    | Found the -2 hat of the Alchemist {rElec rPois rF+ rC+ rN+
                  | Will+ rMut rCorr}
 28702 | Trove    | Identified the +0 cloak of Entitlement {+Blink Int+2 SInv}
 28704 | Trove    | Identified the +15 plate armour of the Voracious God {rF+
                  | Str+3}
 28709 | Trove    | Identified the +2 hat of the Gravedigger {+Blink}
 29430 | D:14     | Reached skill level 25 in Stealth
 29857 | D:15     | Entered Level 15 of the Dungeon
 29869 | D:15     | Noticed Rupert
 30025 | D:15     | Noticed Azrael
 30264 | D:15     | Killed Azrael
 30560 | D:15     | Found Ledech's Antique Armour Boutique.
 30562 | D:15     | Identified the +2 helmet of Repulsion {+Inv rPois Str+3
                  | Stlth+}
 30594 | D:15     | Identified the +3 robe "Gama" {rF++}
 30934 | D:15     | Killed Rupert
 30992 | D:15     | Found an opulent altar of Gozag.
 31010 | D:15     | Reached skill level 26 in Stealth
 31118 | D:15     | Identified Roxanne's Vellum of Cleavage
 31118 | D:15     | Noticed Roxanne
 31130 | D:15     | Killed Roxanne
 31285 | D:15     | Found a staircase to the Depths.
 31589 | Depths:1 | Entered Level 1 of the Depths
 32101 | D:15     | Reached skill level 27 in Stealth
 32132 | Depths:1 | Noticed a storm dragon
 32435 | Depths:1 | Noticed a lich
 32463 | D:15     | Killed a lich
 32670 | D:15     | Reached XP level 16. HP: 57/85 MP: 26/26
 32762 | D:15     | Reached skill level 6 in Shields
 32790 | Depths:1 | Found a white marble altar of Elyvilon.
 32804 | Depths:1 | Noticed a tengu reaver
 32826 | Depths:1 | Killed a tengu reaver
 32832 | Depths:1 | Reached skill level 13 in Hexes
 32856 | Depths:1 | Identified +0 fire dragon scales
 33152 | D:15     | Killed a storm dragon
 33442 | D:15     | Found Ledech's Antique Armour Boutique.
 33506 | D:15     | Found an opulent altar of Gozag.
 33918 | Depths:1 | Found an opulent altar of Gozag.
 34466 | Depths:1 | Found Epreogus's Assorted Antiques.
 34810 | Depths:1 | Found a gateway to Hell.
 34890 | Depths:1 | Killed from afar by an iron dragon

Vanquished Creatures
  Rupert (D:15)
  A lich (D:15)
  A storm dragon (D:15)
  A tengu reaver (Depths:1)
  Roxanne (D:15)
  A quicksilver ooze (Lair:4)
  An orc warlord (Orc:1)
  5 stone giants
  Nessos (D:12)
  Azrael (D:15)
  3 spark wasps (D:15)
  Josephine (D:12)
  A fire dragon (Depths:1)
  2 vault guards (D:13)
  2 rakshasas (Depths:1)
  3 jiangshi (Depths:1)
  2 ice dragons
  Erolcha (D:9)
  4 hydras
  5 centaur warriors
  Erica (D:9)
  An ogre mage (D:15)
  3 boulder beetles
  5 two-headed ogres
  2 death knights (D:14)
  2 deep troll shamans (D:15)
  7 death yaks
  2 deep troll earth magi (D:15)
  A vampire mage (Depths:1)
  The ghost of Buces the Transmogrifier, a novice DsTm of Ru (Lair:1)
  5 hell knights
  An iron troll (D:15)
  2 skeletal warriors (D:14)
  4 deep trolls
  2 goliath frogs (Lair:5)
  A wizard (D:13)
  4 necromancers
  A phantasmal warrior (D:14)
  2 orc knights
  A moth of wrath (shapeshifter) (D:15)
  3 manticores
  A deep elf pyromancer (D:13)
  A salamander (D:15)
  5 cyclopes
  8 ugly things
  3 orc sorcerers (Orc:2)
  2 ice statues (IceCv)
  4 black mambas
  17 elephants (Lair:5)
  A demonic crawler (Lair:1)
  18 cane toads
  Maggie (D:7)
  A yaktaur (D:15)
  3 freezing wraiths
  A kobold demonologist (D:10)
  A rime drake (Lair:1)
  7 komodo dragons
  A queen bee (Lair:1)
  11 trolls
  3 meliai (D:15)
  A wolf spider simulacrum (D:15)
  A wind drake (Lair:2)
  2 hornets
  17 blink frogs
  3 tyrant leeches (Lair:5)
  10 dream sheep
  Sigmund (D:2)
  25 slime creatures
  A centaur simulacrum (D:15)
  A culicivora (shapeshifter) (D:14)
  4 wyverns
  5 culicivoras (Lair:2)
  A vampire (D:13)
  A dire elephant simulacrum (IceCv)
  3 basilisks
  55 yaks
  7 wraiths
  Eustachio (D:5)
  2 fire elementals (D:15)
  20 humans (D:13)
  3 redbacks (Lair:2)
  Menkaure (D:7)
  7 vampire mosquitoes
  2 death yak simulacra (IceCv)
  5 wargs
  2 swamp worms (Lair:1)
  2 hell hounds (D:15)
  8 water moccasins
  4 black bears
  30 orc warriors
  6 ogres
  The ghost of Stoves66 the Trooper, an amateur DsFi of Nemelex Xobeh (D:3)
  8 wolves
  8 centaurs
  A phantom (D:4)
  16 bullfrogs
  5 kobold brigands
  A necrophage (D:5)
  2 scorpions
  2 water moccasin zombies (Ossuary)
  4 wights (D:7)
  12 killer bees
  6 electric eels
  5 howler monkeys
  4 gnoll boudas
  6 hounds
  Crazy Yiuf (D:7)
  21 orc priests
  7 jellies
  Ijyb (D:5)
  5 iguanas
  22 orc wizards
  2 hell rats (D:6)
  2 polar bear simulacra (IceCv)
  2 mummies (Ossuary)
  Robin (D:5)
  16 gnolls
  12 adders
  14 river rats (D:6)
  A white imp (D:7)
  4 adder zombies (Ossuary)
  2 worms
  87 orcs
  17 endoplasms
  5 giant cockroaches
  3 gnoll zombies (Ossuary)
  7 hobgoblins
  4 quokkas
  3 ball pythons (D:1)
  6 bats
  2 frilled lizards
  9 goblins
  6 hobgoblin zombies (Ossuary)
  33 kobolds
  2 kobold zombies (Ossuary)
  6 orc zombies (Ossuary)
  2 rats
795 creatures vanquished.

Vanquished Creatures (collateral kills)
  An orc priest (Orc:1)
  2 gnolls (D:8)
  4 orcs
7 creatures vanquished.

Vanquished Creatures (others)
  An orc priest (Orc:2)
  An orc (Orc:2)
  34 fungi
  104 plants
  9 toadstools (D:4)
149 creatures vanquished.

Grand Total: 951 creatures vanquished
